 Dungeon Crawl Stone Soup version 0.31-a0-803-g95b03c3367 (webtiles) character file.

Game seed: 14358649462933004087

27 Maratek the Firebug (level 2, -2/15 HPs)
             Began as a Deep Elf Fire Elementalist on Sept 20, 2023.
             Slain by a gnoll
             ... wielding a +0 spear
              (5 damage)
             ... on level 2 of the Dungeon.
             The game lasted 00:01:39 (1353 turns).

Maratek the Firebug (Deep Elf Fire Elementalist)    Turns: 1353, Time: 00:01:41

Health: -2/15      AC:  2    Str:  5    XL:     2   Next: 93%
Magic:  0/8        EV: 17    Int: 19    God:
Gold:   12         SH:  0    Dex: 15    Spells: 5/8 levels left

rFire   . . .        (no weapon)
rCold   . . .        (no shield)
rNeg    . . .        a - +0 robe
rPois   .            (no helmet)
rElec   .            (no cloak)
rCorr   .            (no gloves)
SInv    .            (no boots)
Will    .....        (no amulet)
Stlth   ++           i - +5 ring of evasion
HPRegen 0.22/turn    (no ring)
MPRegen 0.11/turn

%: no passive effects
@: very slightly contaminated
A: no striking features
a: no special abilities


You were on level 2 of the Dungeon.
You visited 1 branch of the dungeon, and saw 2 of its levels.

You collected 12 gold pieces.

Inventory:

Armour
 a - a +0 robe (worn)
Jewellery
 i - a +5 ring of evasion (left hand)
Scrolls
 d - 2 scrolls of teleportation {unknown}
 e - a scroll of vulnerability {unknown}
 f - 2 scrolls of identify {unknown}
 g - 2 scrolls of fog {unknown}
 h - a scroll of poison {unknown}
Potions
 b - a potion of magic
 c - a potion of curing {unknown}
 j - a potion of heal wounds {unknown}


   Skills:
 + Level 2.5 Dodging
 + Level 2.5 Stealth
 + Level 3.6 Spellcasting
 + Level 1.1 Conjurations
 + Level 4.1 Fire Magic


You had 5 spell levels left.
You knew the following spells:

 Your Spells              Type           Power      Damage    Failure   Level
a - Foxfire               Conj/Fire      52%        2x1d6     4%          1
b - Scorch                Fire           38%        2d6       4%          2

Your spell library contained the following spells:

 Spells                   Type           Power      Damage    Failure   Level
 Inner Flame              Hex/Fire       11%        N/A       19%         3
 Volatile Blastmotes      Fire/Tloc      22%        2d11      19%         3
 Flame Wave               Conj/Fire      13%        2d6       43%         4


Dungeon Overview and Level Annotations

Branches:
Dungeon (2/15)

Altars:


Message History

You miscast Scorch.
You are very lightly contaminated with residual magic.
Nothing appears to happen.
The goblin shouts!
You hear a shout!
The goblin hits you but does no damage.
Flames lash the gnoll.
The gnoll is lightly wounded.
The gnoll's fire resistance burns away.
You hear a shout!
The goblin completely misses you.
Flames lash the gnoll.
The gnoll is almost dead.
The gnoll's fire resistance burns away.
You hear an angry hiss.
The goblin barely misses you.
Flames lash the gnoll.
The gnoll is burned terribly!
The gnoll is heavily wounded.
You hear an angry hiss.
The gnoll closely misses you. The goblin barely misses you.
The gnoll closely misses you.
You are out of magic!
You are out of magic!
You are out of magic!
You are out of magic!
A goblin comes into view. It is wielding a +0 club.
An adder comes into view.
The gnoll barely misses you. The goblin attacks as it pursues you!
The goblin closely misses you. The gnoll misses you.
The gnoll completely misses you. The gnoll attacks as it pursues you!
The gnoll hits you with a +0 flail!
Ouch! That really hurt!
You hit the adder but do no damage. The adder completely misses you.
The gnoll hits you from afar with a +0 spear.
You barely miss the adder.
The gnoll is no longer more vulnerable to fire.
The gnoll misses you. The adder misses you.
The goblin hits you with a +0 dagger.
* * * LOW HITPOINT WARNING * * *
The gnoll hits you from afar with a +0 spear.
You die...

... #.#### #.##.#
## #.##.# ##.#
##.##.# #..
#<#.#.#### #.# #
#.###.....###.##
.# ##
#...##.##...#..#
#.#.###..S@g....#
###.# ####.g.##.#
#.# ##g## #.# #g#
#.# #g# #.# #.#
#.. #..


You could see 3 gnolls, an adder and 2 goblins.

Vanquished Creatures
  2 dart slugs (D:1)
  A giant cockroach (D:1)
  3 hobgoblins (D:1)
  A kobold (D:1)
  2 quokkas (D:1)
  A ball python (D:1)
  2 bats (D:1)
  A frilled lizard (D:1)
  6 goblins (D:1)
  4 rats (D:1)
23 creatures vanquished.

Vanquished Creatures (others)
  73 foxfires (D:1)
73 creatures vanquished.

Grand Total: 96 creatures vanquished

Notes
Turn   | Place    | Note
-------+----------+-------------------------------------------
     0 | D:1      | Maratek the Deep Elf Fire Elementalist began the quest for
                  | the Orb.
     0 | D:1      | Reached XP level 1. HP: 10/10 MP: 6/6
     7 | D:1      | Noticed a komodo dragon
     7 | D:1      | Noticed a black mamba
     7 | D:1      | Noticed a black bear
     8 | D:1      | Noticed a swamp worm
     8 | D:1      | Noticed a scorpion
   289 | D:1      | Reached XP level 2. HP: 15/15 MP: 5/8
   611 | D:1      | Learned a level 2 spell: Scorch
   851 | D:1      | Found a faded altar of an unknown god.
   880 | D:1      | Reached skill level 4 in Fire Magic
  1353 | D:2      | Slain by a gnoll

Illustrated notes

Levels and vault maps discovered:
D:1:      onia_arrival_zoo_common, layout_loops_ring, basic_ecumenical_altar,
          kennysheep_pointless_box
D:2:      layout_loops_ring, grunt_ministairs_11, chequers_serial_rivers_micro_b

Skill      XL: |  1  2 |
---------------+-------+-----
Fire Magic     | 4 |  4.1
Dodging        | |  2.5
Stealth        | |  2.5
Spellcasting   | |  3.6
Conjurations   | |  1.1

Action                     || total
---------------------------++-------
  Melee: Unarmed           ||     7
   Cast: Foxfire           ||    53
         Scorch            ||    13
 Armour: Robe              ||     9
  Dodge: Dodged            ||    18

Table legend: (Time is in decaauts)
 A = Elapsed time spent in this place.
 B = Non-inter-level travel time spent in this place.
 C = Inter-level travel time spent in this place.
 D = Time resting spent in this place.
 E = Time spent auto-exploring this place.
 F = Levels seen in this place.
 G = Mean time per level.
                   A        B        C        D        E       F      G
               +--------+--------+--------+--------+--------+-----+--------+
         Total |   1352 |   1275 |     77 |      0 |   1132 |   2 |  676.0 |
       Dungeon |   1352 |   1275 |     77 |      0 |   1132 |   2 |  676.0 |
               +--------+--------+--------+--------+--------+-----+--------+

Top non-repeatable levels by time:
     D:1: 1329 daAuts
     D:2: 22 daAuts
